 Dungeon Crawl Stone Soup version 0.19-a0-854-gc78d25d (webtiles) character file.

973 LORDOFBUTT the Skirmisher (level 7, -1/88 HPs)
             Began as a Demonspawn Monk on July 1, 2016.
             Slain by an orc
             ... wielding a +0 whip
              (3 damage)
             ... on level 5 of the Dungeon.
             The game lasted 00:06:29 (4756 turns).

LORDOFBUTT the Skirmisher (Demonspawn Monk)         Turns: 4756, Time: 00:06:30

Health: -1/88      AC:  6    Str: 18    XL:     7   Next: 94%
Magic:  7/7        EV: 14    Int: 11    God:
Gold:   263        SH:  0    Dex: 16    Spells: 0 memorised, 6 levels left

rFire  . . .     SeeInvis .       - Unarmed
rCold  + . .     Gourm    .     j - +0 leather armour (curse)
rNeg   . . .     Faith    .     (no shield)
rPois  .         Spirit   .     (helmet restricted)
rElec  .         Dismiss  .     (no cloak)
rCorr  .         Reflect  .     (no gloves)
SustAt .         Harm     +     a - +2 pair of boots
MR     +....                    y - amulet of harm
Stlth  ..........               s - ring of ice
                                l - ring of protection from magic

@: berserking (expiring), lethally poisoned (-1 -> -7), very quick, somewhat
resistant to hostile enchantments, extremely unstealthy
A: antennae 2, claws 1, fire resistance 1, nightstalker 1
a: no special abilities


You were on level 5 of the Dungeon.
You were not hungry.

You visited 1 branch of the dungeon, and saw 5 of its levels.

You collected 263 gold pieces.

Inventory:

Armour
 a - a +2 pair of boots (worn)
 j - a cursed +0 leather armour (worn)
 k - a +0 pair of gloves
Jewellery
 e - an uncursed ring of fire
 l - a ring of protection from magic (left claw)
 s - a ring of ice (right claw)
 y - an amulet of harm (around neck)
Wands
 q - a wand of disintegration (3/24)
Scrolls
 d - 4 scrolls of teleportation {unknown}
 m - a scroll of magic mapping {unknown}
 o - a scroll of immolation {unknown}
 p - a scroll of remove curse {unknown}
 r - 3 scrolls of identify
 v - 2 scrolls of random uselessness {unknown}
 w - 3 scrolls of enchant armour {unknown}
 x - a scroll of blinking
 z - a scroll of noise {unknown}
Potions
 c - 3 potions of flight
 g - 2 potions of lignification
 h - a potion of haste {unknown}
 i - 2 potions of berserk rage
 n - a potion of curing
 t - a potion of might {unknown}
Books
 u - a book of Changes

   Spells                             Type                      Level
   a - Beastly Appendage              Transmutation                1
   b - Sticks to Snakes               Transmutation                2
   c - Spider Form                    Transmutation/Poison         3
   d - Ice Form                       Ice/Transmutation            4
   e - Blade Hands                    Transmutation                5
Comestibles
 b - 5 bread rations
 f - 3 meat rations


   Skills:
 * Level 6.4 Fighting
 + Level 4.6 Dodging
 - Level 2.0 Stealth
 * Level 5.8 Unarmed Combat


You had 6 spell levels left.
You didn't know any spells.

Dungeon Overview and Level Annotations

Branches:
Dungeon (5/15)
 Temple: D:4-7

Altars:
Cheibriados
Trog


Innate Abilities, Weirdness & Mutations

You have a pair of antennae on your head.
You have sharp fingernails.
Your flesh is heat resistant. (rF+)
You are slightly more attuned to the shadows.


Message History

* * * LOW HITPOINT WARNING * * *
You are poisoned.
The water moccasin poisons you! The orc warrior closely misses you.
The orc barely misses you.
You miss the water moccasin.
The water moccasin is heavily wounded.
You feel sick. The water moccasin closely misses you.
You claw the water moccasin!
You kill the water moccasin!
You feel sick. The orc hits you but does no damage.
The orc warrior hits you with a mace.
* * * LOW HITPOINT WARNING * * *
You feel a strong urge to attack something.
* * * LOW HITPOINT WARNING * * *
You feel sick. The orc barely misses you. The orc warrior barely misses you.
You claw the orc warrior!
The orc warrior is moderately wounded.
* * * LOW HITPOINT WARNING * * *
You feel sick. The orc hits you with a whip.
You die...

.. ...#+###+## #####
..........## ....
...........####... #####
.......@.......#####....
.......oo..)............
...$.......#############
...........###.......###
........>..#...#####....
...........#.### ####.
........#.#.# #. #.#.#
#. #.#.##########.


You could see an orc warrior and an orc.

Vanquished Creatures
  A water moccasin (D:5)
  A black bear (D:5)
  3 phantoms
  2 ogres (D:4)
  A centaur skeleton (D:4)
  A jelly (D:5)
  An orc priest (D:5)
  An orc wizard (D:5)
  Ijyb (D:4)
  4 gnolls (D:4)
  3 adders
  A shadow imp (D:5)
  An ooze (D:1)
  2 worms
  4 dart slugs
  6 giant geckos
  9 orcs
  8 bats
  3 giant cockroaches
  18 goblins
  12 hobgoblins
  3 jackals (D:3)
  10 kobolds
  2 quokkas
  4 giant newts
  9 rats
111 creatures vanquished.

Notes
Turn   | Place    | Note
-------+----------+-------------------------------------------
     0 | D:1      | LORDOFBUTT the Demonspawn Monk began the quest for the Orb.
     0 | D:1      | Reached XP level 1. HP: 18/18 MP: 1/1
   240 | D:1      | Gained mutation: You have sharp fingernails. [demonic ancestry]
   240 | D:1      | Reached XP level 2. HP: 11/24 MP: 2/2
   728 | D:1      | Reached XP level 3. HP: 28/29 MP: 3/3
  1718 | D:2      | Found a bloodstained altar of Trog.
  1749 | D:2      | Gained mutation: You are slightly more attuned to the shadows. [demonic ancestry]
  1749 | D:2      | Reached XP level 4. HP: 28/37 MP: 4/4
  2029 | D:3      | Found a snail-covered altar of Cheibriados.
  2553 | D:3      | Reached skill level 4 in Fighting
  2945 | D:4      | Noticed a phantom
  3343 | D:4      | Killed a phantom
  3343 | D:4      | Gained mutation: You have a pair of small antennae on your head. [demonic ancestry]
  3343 | D:4      | Reached XP level 5. HP: 24/43 MP: 5/5
  3438 | D:4      | Noticed an ogre
  3450 | D:4      | Killed an ogre
  3450 | D:4      | Gained mutation: Your flesh is heat resistant. (rF+) [demonic ancestry]
  3450 | D:4      | Reached XP level 6. HP: 37/50 MP: 6/6
  3503 | D:4      | Reached skill level 5 in Fighting
  3519 | D:4      | Noticed Ijyb
  3534 | D:4      | Killed Ijyb
  4062 | D:4      | Reached skill level 5 in Unarmed Combat
  4062 | D:4      | Gained mutation: You have a pair of antennae on your head. [demonic ancestry]
  4062 | D:4      | Reached XP level 7. HP: 15/56 MP: 7/7
  4436 | D:5      | Entered Level 5 of the Dungeon
  4622 | D:5      | Reached skill level 6 in Fighting
  4749 | D:5      | HP: 2/58 [water moccasin (8)]
  4755 | D:5      | HP: 3/88 [poisoned by a water moccasin]
  4756 | D:5      | Slain by an orc

Vault maps used:
D:1:      dpeg_arrival_stone_temple_mockup
D:2:      first_bread, trog_hazing_becter
D:3:      corexii_shack_village, lemuel_doored_altar, lightli_sewer_entry_pipes
D:4:      kennysheep_the_goblin_king, kennysheep_diamond
D:5:      serial_co_window_serial, co_window_of_opportunity_a,
          co_window_paths_a, co_window_paths_a, co_window_of_opportunity_a,
          co_window_paths_a, co_window_paths_a, co_window_paths_b,
          co_window_corner_a, co_window_corner_a, co_window_broadway_a,
          co_window_paths_c, co_window_unsneaky_path_a, co_window_4corner_a,
          st_stairs_13, hangedman_ru_absence

Skill      XL: |  1  2  3  4  5  6  7 |
---------------+----------------------+-----
Dodging        | 3 4 |  4.6
Stealth        | 2 |  2.0
Unarmed Combat | 3 4 5 |  5.8
Fighting       | 4 5 6 |  6.4

Action                   |  1- 3 |  4- 6 |  7- 9 || total
-------------------------+-------+-------+-------++-------
Melee: Unarmed           |   148 |   264 |    62 ||   474
       Punch             |     2 |     7 |     4 ||    13
Evoke: Wand              |       |     3 |       ||     3
  Use: Scroll            |     4 |     1 |       ||     5
       Potion            |       |       |     4 ||     4
 Stab: Sleeping          |     7 |    15 |     2 ||    24
  Eat: Chunk             |     2 |       |       ||     2
       Meat ration       |       |     1 |       ||     1
       Beef jerky        |       |     1 |       ||     1
       Fruit             |       |     5 |       ||     5
Armor: Robe              |    15 |       |       ||    15
       Leather armour    |    20 |    73 |    11 ||   104
Dodge: Dodged            |   123 |   171 |    53 ||   347
